 Dungeon Crawl Stone Soup version 0.30-a0-122-g2a1322497e (webtiles) character file.

Game seed: 11050510678478015716

178 Sweetruy1997 the Slasher (level 5, -6/42 HPs)
             Began as a Demonspawn Chaos Knight on Sept 16, 2022.
             Was a Plaything of Xom.
             Mangled by a sun demon (10 damage)
             ... summoned by Xom
             ... on level 3 of the Dungeon on Sept 27, 2022.
             The game lasted 00:10:06 (4279 turns).

Sweetruy1997 the Slasher (Demonspawn Chaos Knight)  Turns: 4279, Time: 00:10:07

Health: -6/42      AC: 14    Str: 12    XL:     5   Next: 32%
Magic:  3/6        EV: 11    Int: 13    God:    Xom [......]
Gold:   165        SH:  0    Dex: 13    Spells: 5/6 levels left

rFire   . . .      SeeInvis .    a - +0 falchion (chaos)
rCold   . . .      Faith    .    (no shield)
rNeg    . . .      Spirit   .    b - +3 leather armour
rPois   .          Reflect  .    (no helmet)
rElec   .          Harm     .    (no cloak)
rCorr   .          Rampage  .    (no gloves)
Will    .....                    e - +1 pair of boots
Stlth   +.........               (no amulet)
HPRegen 0.14/turn                (no ring)
MPRegen 0.10/turn                (no ring)

@: brilliant, sanguine armoured
A: hooves 1, powered by death 1, sanguine armour 1, clumsy 1
a: Renounce Religion


You were on level 3 of the Dungeon.
You worshipped Xom.
You were a very special plaything of Xom.
You visited 1 branch of the dungeon, and saw 3 of its levels.

You collected 165 gold pieces.

Inventory:

Hand Weapons
 a - a +0 falchion of chaos (weapon)
Missiles
 g - 20 stones
Armour
 b - a +3 leather armour (worn)
 e - a +1 pair of boots (worn)
Magical Staves
 k - a staff of earth
Wands
 r - a wand of polymorph (1)
Scrolls
 d - a scroll of butterflies
 o - a scroll of acquirement {unknown}
 p - a scroll of magic mapping {unknown}
Potions
 f - 3 potions of attraction
 h - a potion of flight {unknown}
 i - 2 potions of curing
 j - 2 potions of magic
 m - a potion of might {unknown}
 q - a potion of brilliance
Miscellaneous
 c - a piece from Xom's chessboard (4/15)


   Skills:
 + Level 3.6 Fighting
 + Level 4.1 Long Blades
 + Level 0.3 Staves
 - Level 2.0 Armour
 + Level 1.6 Dodging
 + Level 0.3 Stealth
 + Level 1.0 Spellcasting
 + Level 1.1 Earth Magic
 + Level 0.3 Evocations


You had 5 spell levels left.
You knew the following spells:

 Your Spells              Type           Power      Damage    Failure   Level
a - Sandblast             Erth           10%        2d5       22%         1

Your spell library contained the following spells:

 Spells                   Type           Power      Damage    Failure   Level
 Passwall                 Tmut/Erth      2%         N/A       38%         2
 Stone Arrow              Conj/Erth      6%         3d7       63%         3


Dungeon Overview and Level Annotations

Branches:
Dungeon (3/15)

Altars:
Xom

Shops:
D:1 (


Innate Abilities, Weirdness & Mutations

You have large cloven feet.
You regenerate a little health from kills.
When seriously injured, your blood forms armour. (AC +6)
You are clumsy. (Dex -2)


Message History

Crazy Yiuf hits you but does no damage.
You slash Crazy Yiuf!
Crazy Yiuf is severely wounded.
Your butterfly disappears in a puff of smoke!
Crazy Yiuf hoots and howls with incredible vigour!
You barely miss Crazy Yiuf.
Crazy Yiuf is severely wounded.
Crazy Yiuf closely misses you. Crazy Yiuf barely misses you.
You closely miss Crazy Yiuf.
Crazy Yiuf is almost dead.
You kill Crazy Yiuf!
Your piece from Xom's chessboard (4/15) has regained one charge.
Your Spellcasting skill increases to level 1!
Your Earth Magic skill increases to level 1!
You swap places.
There is an open translucent door, spattered with blood here.
Things that are here:
a +2 quarterstaff of chaos; a +0 cloak You swap places.
You swap places.
Your butterfly disappears in a puff of smoke!
Your butterfly disappears in a puff of smoke!
You see here a +1 hammer of protection.
Your butterfly disappears in a puff of smoke! "Let's see if it's strong enough to survive yet."
Your butterfly disappears in a puff of smoke!
As you read the scroll labelled WOIHUE DY MUNU, it crumbles to dust.
Your body is wracked with pain!
* * * LOW HITPOINT WARNING * * *
It was a scroll of torment.
As you read the scroll labelled DARAAGU TUMIUV, it crumbles to dust.
It is a scroll of amnesia.
Really abort (and waste the scroll)?
Okay, then.
The sun demon hits you!
* * * LOW HITPOINT WARNING * * *
You are engulfed in flames!
Bones file is buggy: /crawl-master/crawl-git/saves/bones/bones.store.D-3 Clearing bad bones file: /crawl-master/crawl-git/saves/bones/bones.store.D-3 You die...

##.#.##
##.......###......#
#.#..# ##.....##
##.##### ##.#.#
####...### #.#
###.# #........#
#.# #.# #.###.##.#
#.# #.# ### ######
#.# #.# #.# #.#
#### ##### #.# #.#
#..# #.5@# #.#
#.###.## #.53# ##.#
#......# #...# #..#
#####.## ##)## ####
#..# ♣♣.♣ #### ♣.♣♣
♣♣.♣ ### ♣.♣♣ #.#
♣♣.♣♣ #.#


You could see a sun demon (summoned), a crimson imp (summoned) and a shadow imp
(summoned).

Vanquished Creatures
  A howler monkey (D:3)
  An orc priest (D:3)
  An orc wizard (D:3)
  Robin (D:2)
  3 adders (D:2)
  A worm (D:3)
  An orc (D:3)
  2 ball pythons (D:1)
  5 endoplasms
  4 giant cockroaches
  10 hobgoblins
  3 bats
  3 frilled lizards
  15 goblins
  7 kobolds
  2 rats
60 creatures vanquished.

Vanquished Creatures (others)
  An orc wizard (D:3)
  An adder (D:2)
  An orc (D:3)
3 creatures vanquished.

Grand Total: 63 creatures vanquished

Notes
Turn   | Place    | Note
-------+----------+-------------------------------------------
     0 | D:1      | Sweetruy1997 the Demonspawn Chaos Knight began the quest
                  | for the Orb.
     0 | D:1      | Reached XP level 1. HP: 18/18 MP: 1/1
    14 | D:1      | Found Kudd's Weapon Boutique.
   161 | D:1      | XOM: divination: detect creatures
   284 | D:1      | Reached skill level 3 in Long Blades
   305 | D:1      | Gained mutation: You have large cloven feet. [demonic
                  | ancestry]
   305 | D:1      | Reached XP level 2. HP: 24/24 MP: 2/2
   711 | D:1      | XOM: noise
  1063 | D:1      | XOM: silly message
  1258 | D:2      | XOM: summons 2 hostile demons
  1259 | D:2      | Noticed a crimson imp
  1392 | D:2      | Reached XP level 3. HP: 29/29 MP: 3/3
  1400 | D:2      | Noticed Robin
  1427 | D:2      | Killed Robin
  1753 | D:2      | Reached skill level 1 in Dodging
  2027 | D:2      | Learned a level 1 spell: Sandblast
  2030 | D:2      | Found a faded altar of an unknown god.
  2174 | D:2      | XOM: god gift: 5 stones
  2325 | D:2      | Gained mutation: You regenerate a little health from kills.
                  | [demonic ancestry]
  2325 | D:2      | Reached XP level 4. HP: 32/35 MP: 0/4
  2417 | D:2      | XOM: silly message
  2446 | D:2      | XOM: divine lightning
  2789 | D:2      | XOM: scenery: create altars
  2863 | D:3      | XOM: smoke on damage
  2881 | D:3      | Reached skill level 4 in Long Blades
  2907 | D:3      | XOM: divine lightning
  3321 | D:3      | XOM: 8-stop teleportation journey
  3677 | D:3      | Gained mutation: You occasionally lose the ability to read
                  | scrolls when taking damage. [potion of mutation]
  3677 | D:3      | Gained mutation: Your magical capacity is low. (-10% MP)
                  | [potion of mutation]
  3677 | D:3      | Gained mutation: You have a pair of small horns on your
                  | head. [potion of mutation]
  3677 | D:3      | Gained mutation: You have hoof-like feet. [potion of
                  | mutation]
  3678 | D:3      | Lost mutation: You have hoof-like feet. [potion of
                  | mutation]
  3678 | D:3      | Lost mutation: Your magical capacity is low. (-10% MP)
                  | [potion of mutation]
  3678 | D:3      | Lost mutation: You have a pair of small horns on your head.
                  | [potion of mutation]
  3727 | D:3      | XOM: 2-stop teleportation journey
  3997 | D:3      | Gained mutation: When seriously injured, your blood forms
                  | armour. (AC +6) [demonic ancestry]
  3997 | D:3      | Reached XP level 5. HP: 40/41 MP: 0/5
  4152 | D:3      | Found a runed translucent door.
  4153 | D:3      | Noticed Crazy Yiuf
  4164 | D:3      | XOM: noise
  4187 | D:3      | XOM: noise
  4243 | D:3      | Lost mutation: You occasionally lose the ability to read
                  | scrolls when taking damage. [potion of mutation]
  4243 | D:3      | Gained mutation: You are clumsy. (Dex -2) [potion of
                  | mutation]
  4247 | D:3      | XOM: butterfly on damage
  4257 | D:3      | XOM: butterfly on damage
  4259 | D:3      | Noticed Crazy Yiuf
  4259 | D:3      | Crazy Yiuf changed into Crazy Yiuf the howler monkey
  4270 | D:3      | Killed Crazy Yiuf the howler monkey
  4271 | D:3      | Reached skill level 1 in Spellcasting
  4271 | D:3      | Reached skill level 1 in Earth Magic
  4277 | D:3      | XOM: summons 3 hostile demons
  4278 | D:3      | Noticed a sun demon
  4279 | D:3      | Mangled by a sun demon

Illustrated notes

Levels and vault maps discovered:
D:1:      noname_arrival_rooms_in_the_neighbourhood, layout_rooms, serial_shops,
          nicolae_shop_statue_plus, nicolae_figureground_pulse
D:2:      layout_basic, ebering_ecumenical_altar_hall, uniq_robin
D:3:      layout_loops_corners, minmay_misc_feat_roman, minmay_misc_feat_plants,
          uniq_crazy_yiuf_cottage

Skill      XL: |  1  2  3  4  5 |
---------------+----------------+-----
Long Blades    | 3 4 |  4.1
Armour         | 2 |  2.0
Dodging        | 1 |  1.6
Spellcasting   | 1 |  1.0
Earth Magic    | 1 |  1.1
Fighting       | |  3.6
Staves         | |  0.3
Stealth        | |  0.3
Evocations     | |  0.3

Action                   |  1- 3 |  4- 6 || total
-------------------------+-------+-------++-------
Melee: Falchion          |   133 |    54 ||   187
       Punch             |     1 |       ||     1
       Kick              |    10 |       ||    10
       Staff             |     2 |    36 ||    38
 Cast: Sandblast         |     1 |    28 ||    29
Evoke: Piece from Xom's  |    16 |     2 ||    18
       Wand              |       |     1 ||     1
  Use: Scroll            |     7 |     6 ||    13
       Potion            |       |     6 ||     6
Armor: Leather armour    |    72 |    45 ||   117
Dodge: Dodged            |    96 |    53 ||   149

Table legend: (Time is in decaauts)
 A = Elapsed time spent in this place.
 B = Non-inter-level travel time spent in this place.
 C = Inter-level travel time spent in this place.
 D = Time resting spent in this place.
 E = Time spent auto-exploring this place.
 F = Levels seen in this place.
 G = Mean time per level.
                   A        B        C        D        E       F      G
               +--------+--------+--------+--------+--------+-----+--------+
         Total |   4320 |   4171 |    149 |    314 |   3249 |   3 | 1440.0 |
       Dungeon |   4320 |   4171 |    149 |    314 |   3249 |   3 | 1440.0 |
               +--------+--------+--------+--------+--------+-----+--------+

Top non-repeatable levels by time:
     D:2: 1623 daAuts
     D:3: 1466 daAuts
     D:1: 1231 daAuts
